 Dungeon Crawl Stone Soup version 0.16-a0-3494-g28000b7 (webtiles) character file.

273 zercules the Magician (level 6, -1/28 HPs)
             Began as a Spriggan Conjurer on Jan 4, 2015.
             Shot with an arrow of frost by a centaur (7 damage)
             ... on level 5 of the Dungeon.
             The game lasted 00:20:01 (3451 turns).

zercules the Magician (Spriggan Conjurer)           Turns: 3451, Time: 00:20:01

Health: -1/28      AC:  6    Str:  4    XL:     6   Next: 3%
Magic:  12/21      EV: 18    Int: 17    God:
Gold:   214        SH:  0    Dex: 18    Spells: 3 memorised, 10 levels left

rFire  . . .     SeeInvis +     g - +1 whip (vamp) {!w}
rCold  . . .     Clarity  .     a - +1 robe
rNeg   . . .     SustAb   .     (shield restricted)
rPois  .         Gourm    .     (helmet restricted)
rElec  .         Spirit   .     n - +2 cloak {MR+}
rCorr  .         Warding  .     (gloves unavailable)
rMut   .         Stasis   .     (boots unavailable)
MR     ++...                    (no amulet)
Stlth  ++++......               r - +3 ring of slaying
                                m - ring of stealth

@: very slightly contaminated, very quick, very resistant to hostile
enchantments, stealthy
A: unfitting armour, see invisible, herbivore 3, speed 3, slow metabolism 2
a: no special abilities


You were on level 5 of the Dungeon.
You were not hungry.

You visited 2 branches of the dungeon, and saw 7 of its levels.

You collected 214 gold pieces.


Innate Abilities, Weirdness & Mutations

You are tiny and cannot use many weapons and most armour.
You have supernaturally acute eyesight.
You are a herbivore.
You cover ground extremely quickly.
You need consume almost no food.


   Skills:
 - Level 3.0 Dodging
 - Level 3.0 Stealth
 + Level 5.8 Spellcasting
 + Level 4.4 Conjurations


You had 10 spell levels left.
You knew the following spells:

 Your Spells              Type           Power        Failure   Level  Hunger
a - Magic Dart            Conj           ###.         2%          1    None
b - Searing Ray           Conj           ###...       3%          2    #......
c - Dazzling Spray        Conj/Hex       ##......     17%         3    ##.....


Dungeon Overview and Level Annotations

Branches:
Dungeon (6/15)             Temple (1/1) D:5

Altars:
Ashenzari
Cheibriados
Dithmenos
Elyvilon
Fedhas
Kikubaaqudgha
Nemelex Xobeh
Okawaru
Qazlal
Sif Muna
Yredelemnul

Annotations:
D:5 Eustachio

Inventory:

Hand weapons
 f - a +0 whip
 g - a +1 vampiric whip (weapon) {!w}
   (You found it on level 1 of the Dungeon)
Armour
 a - a +1 robe (worn)
 n - a +2 cloak of magic resistance (worn)
   (You found it on level 3 of the Dungeon)
Jewellery
 m - a ring of stealth (left hand)
 r - a +3 ring of slaying (right hand)
Scrolls
 d - 2 scrolls of identify {@r9}
 k - a scroll of remove curse {@r8}
 o - 2 scrolls of teleportation {@r4}
Potions
 e - a potion of poison {unknown}
 i - 4 potions of haste {@q3}
 p - a potion of resistance {unknown}
 q - a potion of flight {unknown}
 s - a potion of heal wounds {unknown}
Books
 c - a book of Conjurations
Comestibles
 b - 4 bread rations
 j - 3 fruits
 l - a slice of pizza

....#....#
#.......(.....######
.........#
##..##..........# #
........####...
#...######..#
#.................(###
#..# #
#............##......#
....# #.
#............####....
.#......
.............## #.)# #
...#.#
......######..###..# .
#. ......## #(..(@.c#
# ...#...# ##.#####..#
..#..#.## #..# .)..
....###.###.## #..#
...## ##...## #. ..##
#.....#
.#.########...#
.##.....# #...#
#######.# ##.#


You could see a centaur.


Message History

You climb downwards.
Level annotation: Eustachio
There is a stone staircase leading up here.
Found a ring mail.
Found a ring mail.
Found a yellow potion.
s - a yellow potion You see here a ring mail.
You see here a ring mail.
An orc comes into view. It is wielding a dagger.
Casting: Magic Dart
Aiming: Magic Dart
Aim: an orc, wielding a dagger (resting)
The magic dart hits the orc.
The orc is almost dead.
The orc shouts!
A centaur comes into view.
Casting: Magic Dart
Aiming: Magic Dart
Aim: an orc, wielding a dagger (almost dead)
The magic dart hits the orc.
You kill the orc!
Casting: Magic Dart
Aiming: Magic Dart
Aim: a centaur The magic dart hits the centaur.
The centaur wields a shortbow.
The centaur shoots an arrow of frost.
The arrow of frost misses you.
Casting: Magic Dart
Aiming: Magic Dart
Aim: a centaur, wielding a shortbow You miscast Magic Dart.
You are very lightly contaminated with residual magic.
Nothing appears to happen.
The centaur shoots an arrow of frost.
The arrow of frost misses you.
The centaur shoots an arrow of frost.
The arrow of frost hits you. The arrow of frost freezes you.
You see here an arrow of frost.
Casting: Magic Dart
Aiming: Magic Dart
Aim: a centaur, wielding a shortbow The magic dart hits the centaur.
The centaur shoots an arrow of frost.
The arrow of frost hits you. The arrow of frost freezes you.
* * * LOW HITPOINT WARNING * * *
Casting: Magic Dart
Aiming: Searing Ray
Aim: a centaur, wielding a shortbow The searing ray hits the centaur.
The centaur is lightly wounded.
The centaur shoots an arrow of frost.
The arrow of frost misses you.
The searing ray misses the centaur.
The centaur shoots an arrow of frost.
The arrow of frost barely misses you.
The centaur shoots an arrow of frost.
The arrow of frost misses you.
The centaur shoots an arrow of frost.
The arrow of frost hits you!
* * * LOW HITPOINT WARNING * * *
The arrow of frost freezes you.
* * * LOW HITPOINT WARNING * * *
Casting: Searing Ray
Aiming: Magic Dart
Aim: a centaur, wielding a shortbow (lightly wounded)
The magic dart hits the centaur.
The centaur is lightly wounded.
The centaur shoots an arrow of frost.
The arrow of frost misses you.
The centaur shoots an arrow of frost.
The arrow of frost hits you.
* * * LOW HITPOINT WARNING * * *
The arrow of frost freezes you.
* * * LOW HITPOINT WARNING * * *
Drink which item? (? for menu, Esc to quit)
You feel better.
The centaur shoots an arrow of frost.
The arrow of frost hits you!
You die...

Action                   |  1- 3 |  4- 6 || total
-------------------------+-------+-------++-------
Melee: Whip              |    37 |    37 ||    74
 Cast: Magic Dart        |    85 |    57 ||   142
       Searing Ray       |     3 |     6 ||     9
  Use: Scroll            |     2 |     6 ||     8
       Potion            |       |     1 ||     1
 Stab: Sleeping          |       |     1 ||     1
  Eat: Bread ration      |     1 |       ||     1

Vault maps used:
D:1:      dpeg_arrival_water_temple_mockup
D:2:      nicolae_gozag_seed_capital, uniq_jessica
D:3:      elyvilon_altar_1, led_sif_book
D:4:      minmay_opposing_rooms, led_xom_imps
D:5:      grunt_dithmenos_shadows, lemuel_coloured_pillars_altar,
          minmay_temple_entry_hall, first_bread, uniq_eustachio, uniq_pikel
D:6:      vehumet_crystals, nicolae_ru_sacrificial_ziggurat
Temple:   cyrus_temple_forest_13

Notes
Turn   | Place    | Note
--------------------------------------------------------------
     0 | D:1      | zercules, the Spriggan Conjurer, began the quest for the Orb.
     0 | D:1      | Reached XP level 1. HP: 9/9 MP: 4/4
    78 | D:1      | Reached skill level 3 in Conjurations
   175 | D:1      | Reached skill level 3 in Spellcasting
   220 | D:1      | HP: 2/9 [kobold/short sword (7)]
   390 | D:1      | Reached XP level 2. HP: 8/13 MP: 4/8
  1062 | D:3      | Found a white marble altar of Elyvilon.
  1150 | D:3      | Reached XP level 3. HP: 16/16 MP: 8/11
  1172 | D:3      | Learned a level 2 spell: Searing Ray
  1214 | D:3      | Found a deep blue altar of Sif Muna.
  1297 | D:4      | Noticed a scorpion
  1523 | D:4      | Noticed a troll
  1538 | D:4      | Reached skill level 4 in Spellcasting
  1893 | D:3      | Reached XP level 4. HP: 21/21 MP: 7/15
  2339 | D:5      | Entered Level 5 of the Dungeon
  2637 | D:5      | Found a shadowy altar of Dithmenos.
  2637 | D:5      | Noticed a phantom
  2643 | D:5      | Learned a level 3 spell: Dazzling Spray
  2658 | D:5      | Noticed an ogre
  2671 | D:5      | Killed an ogre
  2671 | D:5      | Reached skill level 5 in Spellcasting
  2671 | D:5      | Reached skill level 4 in Conjurations
  2671 | D:5      | Reached XP level 5. HP: 24/24 MP: 11/19
  2789 | D:6      | Noticed an orc warrior
  2898 | D:5      | Found a staircase to the Ecumenical Temple.
  2907 | Temple   | Entered the Ecumenical Temple
  3050 | D:5      | Noticed Eustachio
  3155 | D:5      | Reached XP level 6. HP: 18/28 MP: 5/21
  3441 | D:5      | Noticed a centaur
  3449 | D:5      | HP: 7/28 [centaur/arrow of frost (7)]
  3450 | D:5      | HP: 2/28 [centaur/arrow of frost (4)]
  3451 | D:5      | Shot with an arrow of frost by a centaur

Vanquished Creatures
  An ogre (D:5)
  A hound (D:5)
  An orc wizard (D:5)
  A worker ant (D:4)
  A hound skeleton (D:5)
  A worker ant zombie (D:5)
  An adder (D:5)
  A worm (D:3)
  5 orcs
  12 bats
  A bat zombie (D:5)
  3 hobgoblins
  5 kobolds
  A quokka (D:2)
  3 ball pythons
  6 giant cockroaches
  9 goblins
  6 jackals
  A quokka skeleton (D:5)
  8 rats
68 creatures vanquished.
